Cogmind - Beta 15 @@@ ROGUE MODE // 2025.09.26 @ 04:11:31 Player: shapeshifter Result: Self-destructed Performance ------------- Evolutions (2) 1000 Regions Visited (7) 1400 Robots Destroyed (88) 440 Value Destroyed (3962) 3962 Prototype IDs (26) 520 Alien Tech Used (0) 0 Bonus (875) 875 TOTAL SCORE: 8197 Bonus ------- High Alert Combat Kills 337 Follower Combat Kills 169 Entered Garrisons 200 Aligned with FarCom 300 Friendly Fire -131 Cogmind --------- Core Integrity 234/550 Matter 277/300 Energy 42/125 System Corruption 1% Temperature Warm (171) Movement Treading (160) Location -8/Materials Parts ------- > --- POWER (1) -------- Light Ion Engine > --- PROPULSION (3) --- Medium Treads Medium Treads Medium Treads > --- UTILITY (4) ------ Improved Heat Sink Improved Heat Sink High-capacity Storage Unit Light Armor Plating > --- WEAPON (3) ------- Heavy Particle Cannon Heavy Particle Cannon Heavy Particle Cannon > --- INVENTORY (20) --- Medium Treads High-capacity Battery (250) Modified TNC Energy Filter ECM Suite Cloak of Protection Heavy Particle Cannon Heavy Particle Cannon Heavy Particle Cannon Heavy Particle Cannon Heavy Particle Cannon Gauss Rifle Gauss Rifle Gauss Rifle Gauss Rifle Grenade Launcher Deploy-a-Sentry Deploy-a-Sentry Deploy-a-Sentry Peak State ------------ > --- POWER ------------ Light Ion Engine > --- PROPULSION ------- Medium Treads Medium Treads Medium Treads > --- UTILITY ---------- Improved Heat Sink Improved Heat Sink High-capacity Storage Unit Light Armor Plating > --- WEAPON ----------- Advanced Beam Rifle Advanced Beam Rifle Advanced Beam Rifle > --- INVENTORY -------- Medium Treads High-capacity Battery Modified TNC ECM Suite Cloak of Protection Relay Coupler [NC] Relay Coupler [Grunt] Relay Coupler [Sentry] Heavy Particle Cannon Heavy Particle Cannon Heavy Particle Cannon Heavy Particle Cannon Heavy Particle Cannon Heavy Particle Cannon Heavy Particle Cannon Heavy Particle Cannon Grenade Launcher Deploy-a-Sentry Deploy-a-Sentry Deploy-a-Sentry [Rating: 40] Favorites ----------- Power Ion Engine Engine Ion Engine Propulsion Light Treads Treads Light Treads Leg Carbon-fiber Leg Wheel Wheel Utility Improved Heat Sink Device Improved Heat Sink Storage Huge Storage Unit Processor Advanced Targeting Computer Protection Light Armor Plating Weapon Advanced Beam Rifle Energy Gun Advanced Beam Rifle Energy Cannon Heavy Particle Cannon Ballistic Gun Light Assault Rifle Ballistic Cannon Improved Light Cannon Launcher Grenade Launcher Build | -11 -10 -10 -10 -9 -8 -8 -8 ------- Run | Yrd Mat Min Exi Min Mat Gar Mat Slots Evolved 4 | . . . . . 4 . . Power . | . . . . . . . . Propulsion 1 | . . . . . 1 . . Utility 2 | . . . . . 2 . . Weapon 1 | . . . . . 1 . . Parts Attached 65 | 7 13 2 1 1 12 21 8 Power 6 | 1 2 . . . 1 1 1 Engine 6 | 1 2 . . . 1 1 1 Core . | . . . . . . . . Reactor . | . . . . . . . . Propulsion 23 | 2 5 2 . 1 3 7 3 Treads 13 | 2 2 . . . 3 3 3 Leg 4 | . . . . . . 4 . Wheel 6 | . 3 2 . 1 . . . Hover . | . . . . . . . . Flight . | . . . . . . . . Utility 16 | 2 2 . . . 3 8 1 Device 8 | 1 . . . . 2 4 1 Storage 3 | 1 1 . . . . 1 . Processor 1 | . . . . . . 1 . Hackware . | . . . . . . . . Protection 4 | . 1 . . . 1 2 . Artifact . | . . . . . . . . Weapon 20 | 2 4 . 1 . 5 5 3 Energy Gun 11 | 2 1 . . . 4 4 . Energy Cannon 3 | . . . . . . . 3 Ballistic Gun 1 | . 1 . . . . . . Ballistic Cannon 3 | . 2 . 1 . . . . Launcher 2 | . . . . . 1 1 . Special Weapon . | . . . . . . . . Impact Weapon . | . . . . . . . . Slashing Weapon . | . . . . . . . . Piercing Weapon . | . . . . . . . . Special Melee Weapon . | . . . . . . . . Unidentified Prototypes 1 | . . . . . 1 . . Parts Lost 18 | . 1 2 . . 2 12 1 Power 1 | . . . . . . . 1 Propulsion 8 | . . 2 . . . 6 . Utility 4 | . . . . . 1 3 . Weapon 5 | . 1 . . . 1 3 . Highest Loss Streak 4 | . 1 2 . . 1 4 1 To Critical Strikes . | . . . . . . . . Average Backups 18 | 4 17 24 24 22 19 16 16 Power 1 | 1 1 1 3 4 2 . . Propulsion 3 | 2 6 9 7 5 2 . . Utility 6 | . 3 5 5 7 7 8 7 Weapon 6 | . 5 9 6 6 5 7 8 Tool/Special . | . . . . . . . . Unused Backups 45 | . 8 . 8 . 3 8 18 Power 5 | . 1 . 1 . 3 . . Propulsion 7 | . 2 . 4 . . . 1 Utility 17 | . 1 . 1 . . 7 8 Weapon 16 | . 4 . 2 . . 1 9 Tool/Special . | . . . . . . . . Average Slot Usage (%) 95 | . 99 97 100 100 85 93 96 Engine 11 | . 14 14 14 14 9 9 7 Treads 8 | . 9 . . . 25 8 10 Leg 6 | . . . . . . 13 14 Wheel 10 | . 18 26 28 28 . . . Device 10 | . 10 . . . 11 17 18 Storage 11 | . 14 14 14 14 9 9 9 Protection 9 | . 3 14 14 14 4 8 9 Energy Gun 13 | . 14 . . . 9 24 20 Ballistic Gun 1 | . 10 . . . . . . Ballistic Cannon 9 | . 2 28 28 28 9 . . Launcher 1 | . . . . . 4 1 . Peak Build Rating 40 | 7 12 12 15 15 25 39 40 Average Rating 21 | 4 8 11 13 14 19 32 36 On Entrance 15 | . 7 12 12 15 15 25 34 Naked Turns . | . . . . . . . . Heaviest Build 100 | 13 96 96 96 96 100 99 66 Greatest Support 84 | 40 40 26 26 32 60 62 84 Greatest Overweight (x) 31 | . 4 31 3 3 2 2 1 Average Overweight (x) 2 | . 2 3 3 2 1 1 . Largest Inventory Capacity 25 | 8 25 25 25 25 25 25 20 Average Capacity 22 | 7 19 25 25 25 25 21 20 Most Carried 25 | 8 25 25 25 25 25 25 20 Average Carried 20 | 4 17 24 24 25 22 19 19 Final Capacity 25 | 8 25 25 25 25 25 20 20 Final Carried 25 | 6 24 25 25 25 25 20 19 Class Distribution -------------------- 51% | Mutant 25% | Scavenger-Skirmisher 23% | Skirmisher Dominant Class ---------------- Mutant | -10/Materials Mutant | -10/Mines Mutant | -10/Exiles Mutant | -9/Mines Skirmisher | -8/Materials Scavenger-Skirmisher | -8/Garrison Scavenger-Skirmisher | -8/Materials Resources | -11 -10 -10 -10 -9 -8 -8 -8 ----------- Run | Yrd Mat Min Exi Min Mat Gar Mat Matter Collected 1983 | 270 287 230 30 346 251 427 142 Remotely . | . . . . . . . . Salvage Created 2773 | 155 449 175 . 454 227 1042 271 Parts 156 | 5 31 12 . 38 13 44 13 Haulers Intercepted 3 | . 2 . . . 1 . . Recyclers Shooed 1 | 1 . . . . . . . Parts Field Recycled . | . . . . . . . . Retrieved Matter . | . . . . . . . . Parts Self-Destructed . | . . . . . . . . Prevented . | . . . . . . . . Kills | -11 -10 -10 -10 -9 -8 -8 -8 ------- Run | Yrd Mat Min Exi Min Mat Gar Mat Combat Hostiles Destroyed 70 | . 9 4 . 13 8 28 8 Guns 42 | . 9 . . . . 28 5 Cannons 23 | . . 4 . 12 5 . 2 AOE 4 | . . . . 1 3 . . Classes Destroyed 13 | 2 4 . . 1 3 3 . Worker 2 | . . . . 2 . . . Builder 2 | . 1 1 . . . . . Tunneler 5 | 2 . 1 . 2 . . . Hauler 3 | . 2 . . . 1 . . Recycler 3 | 1 . 1 . 1 . . . Watcher 2 | . . . . . 1 . 1 Swarmer 17 | . 3 . . 3 3 3 5 Grunt 41 | . 6 4 . 10 3 15 3 Brawler 1 | . . . . . 1 . . Duelist 1 | . . . . . . 1 . Sentry 3 | . . . . . 1 2 . Hunter 4 | . . . . . . 4 . Programmer 3 | . . . . . . 3 . Thug 1 | . . . . . . 1 . Best Kill Streak 6 | 3 6 4 . 4 4 5 4 Combat Bots Only 5 | . 5 3 . 3 4 5 4 Max Kills in Single Turn 2 | 1 1 1 . 2 2 2 2 Gunslinging 1 | . . . . . . 1 1 Exploded 2 | . . . . 1 2 . . Melee . | . . . . . . . . Uniques/NPCs Destroyed . | . . . . . . . . Combat | -11 -10 -10 -10 -9 -8 -8 -8 -------- Run | Yrd Mat Min Exi Min Mat Gar Mat Hostile Shots Fired 374 | . 46 24 . 32 32 195 45 Missed 94 | . 16 4 . 6 9 48 11 Hits 280 | . 30 20 . 26 23 147 34 Projectile 280 | . 30 20 . 26 23 147 34 Critical Strikes 10 | . . 2 . . 2 5 1 Part Disruptions 2 | . . . . . . 2 . Damage Taken 3675 | . 327 252 . 258 330 2102 406 Core 477 | . 64 54 . 43 16 241 59 Absorbed by Shields . | . . . . . . . . Redirected to Shielding 67 | . . . . . . 67 . Core Remaining (%) 67 | 100 . . . 35 . . . Volleys Fired 292 | 7 51 24 . 42 25 119 24 Largest 3 | 2 2 2 . 2 2 3 3 Hottest 225 | 80 80 66 . 66 66 195 225 Shots Fired 584 | 14 98 48 . 84 31 244 65 Gun 379 | 14 96 . . . . 225 44 Cannon 184 | . 2 48 . 84 29 . 21 Launcher 21 | . . . . . 2 19 . Special . | . . . . . . . . Kinetic 195 | . 34 48 . 84 29 . . Thermal 300 | . 10 . . . . 225 65 Explosive 21 | . . . . . 2 19 . Electromagnetic 68 | 14 54 . . . . . . Robot Hit Streak 19 | 5 9 5 . 6 7 19 10 Robot Miss Streak 8 | 1 5 5 . 4 2 8 2 Penetration Max . | . . . . . . . . Secondary Targets 10 | . . . . . . 7 3 Max Gunslinging Chain 1 | . . . . . . 1 1 Shots Hit Robots 324 | 10 58 21 . 31 22 145 37 Core Hits 234 | 3 21 8 . 17 16 155 14 Critical Kills . | . . . . . . . . Critical Parts Destroyed . | . . . . . . . . Critical Strikes 9 | . . . . 1 1 5 2 Burn 7 | . . . . . . 5 2 Blast 2 | . . . . 1 1 . . Melee Attacks . | . . . . . . . . Impact . | . . . . . . . . Slashing . | . . . . . . . . Piercing . | . . . . . . . . Sneak Attacks . | . . . . . . . . Combat Hostiles . | . . . . . . . . Follow-up Attacks . | . . . . . . . . Damage Inflicted 6178 | 194 742 440 . 740 682 2540 840 Guns 3837 | 137 651 . . . . 2509 540 Cannons 2018 | . 24 440 . 740 514 . 300 Explosions 323 | 57 67 . . . 168 31 . Melee . | . . . . . . . . Ramming . | . . . . . . . . Kinetic 1903 | . 209 440 . 740 514 . . Thermal 3536 | 57 130 . . . . 2509 840 Explosive 199 | . . . . . 168 31 . Electromagnetic 540 | 137 403 . . . . . . Impact . | . . . . . . . . Slashing . | . . . . . . . . Piercing . | . . . . . . . . Highest Corruption 1 | . . . . . . 1 1 Average Corruption 1 | . . . . . . 1 1 Corruption Purged . | . . . . . . . . Corruption Blocked . | . . . . . . . . Effects 15 | . . . . . . 9 6 Message Errors 6 | . . . . . . 3 3 Matter Fused 2 | . . . . . . 1 1 Heat Flow Errors 2 | . . . . . . 2 . Energy Discharges 1 | . . . . . . 1 . Data Loss (minor) 2 | . . . . . . 1 1 Alerts 1 | . . . . . . 1 . Weapon Failures 1 | . . . . . . . 1 Overload Shots . | . . . . . . . . Overflow Damage 1 | . . . . 1 . . . Projectiles 1 | . . . . 1 . . . Explosions . | . . . . . . . . Melee . | . . . . . . . . Knockbacks 11 | . 1 5 . 4 1 . . Impact . | . . . . . . . . Kinetic 11 | . 1 5 . 4 1 . . Secondary . | . . . . . . . . Self-Inflicted Damage 75 | . . . . . . 75 . Shots 5 | . . . . . . 5 . Rammed . | . . . . . . . . Targets Rammed . | . . . . . . . . Kicked . | . . . . . . . . Crushed . | . . . . . . . . Highest Temperature 457 | 90 222 201 . 120 44 457 219 Average Temperature 57 | 39 58 60 . 31 27 75 61 Received Heat Transfer 1341 | . 156 180 . 96 162 576 171 Effects 3 | . . . . . . 3 . Damage (major) 3 | . . . . . . 3 . Siege Activations . | . . . . . . . . Martial Activations . | . . . . . . . . Shielding Activations . | . . . . . . . . Robots Disrupted . | . . . . . . . . Combat Hostiles . | . . . . . . . . Robots Corrupted . | . . . . . . . . Combat Hostiles . | . . . . . . . . Parts Fried . | . . . . . . . . Impact Corruptions . | . . . . . . . . Robots Melted 1 | . . . . . . . 1 Combat Hostiles 1 | . . . . . . . 1 Parts Melted 6 | . . . . . . 6 . Heat Transferred 5801 | 100 335 . . . . 3775 1591 Parts Sabotaged . | . . . . . . . . Parts Stolen . | . . . . . . . . Parts Stripped . | . . . . . . . . Power Chain Reactions 3 | 1 2 . . . . . . Alert | -11 -10 -10 -10 -9 -8 -8 -8 ------- Run | Yrd Mat Min Exi Min Mat Gar Mat Maximum Alert Level 5 | . . . . . . 5 4 Low Security (%) 58 | 100 100 100 . 100 100 12 . Level 1 6 | . . . . . . 16 . Level 2 12 | . . . . . . 29 . Level 3 12 | . . . . . . 15 99 Level 4 5 | . . . . . . 14 . Level 5 5 | . . . . . . 12 . High Security . | . . . . . . . . Max Security . | . . . . . . . . Peak Influence 1920 | 10 130 61 . 108 106 1920 1113 Initial 936 | . . 2 . . 37 . 936 Average 377 | 1 47 11 . 34 35 738 932 Influence Increases 3659 | 15 395 182 . 313 241 2120 393 Destroy 0b10 Robot/C 1500 | . 180 120 . 260 160 620 160 Destroy 0b10 Robot/NC 85 | 15 15 15 . 25 10 . 5 Destroy Leader 180 | . 44 30 . 10 34 30 32 Allied During Kill 22 | . . 13 . . . 9 . Successful Hack 57 | . 18 . . . 4 21 14 Select Force Hacks 30 | . 30 . . . . . . Disable Machine 90 | . 15 . . . 15 30 30 Anti-Garrison Action 1400 | . . . . . . 1250 150 Destroy Structure 190 | . 3 4 . 3 18 160 2 Lose Combat Pursuer 105 | . 90 . . 15 . . . Influence Decreases 2546 | 15 388 189 . 217 337 200 1200 Entered New Map 1048 | . . 5 . . 59 . 984 Time Decay 1228 | 15 378 144 . 217 268 . 206 Lost Part 170 | . 10 20 . . 10 120 10 Lost Ally 100 | . . 20 . . . 80 . Squads Dispatched 11 | . 5 . . . . . 6 Investigation 4 | . 4 . . . . . . Extermination . | . . . . . . . . Reinforcement 1 | . 1 . . . . . . Assault 3 | . . . . . . . 3 Garrison 3 | . . . . . . . 3 Intercept . | . . . . . . . . Searches Triggered . | . . . . . . . . Construction Impeded . | . . . . . . . . Haulers Reinforced . | . . . . . . . . Active Scanning Responses . | . . . . . . . . Cargo Convoy Interrupts . | . . . . . . . . Stealth | -11 -10 -10 -10 -9 -8 -8 -8 --------- Run | Yrd Mat Min Exi Min Mat Gar Mat Distress Signals 5 | . 1 1 . . . . 3 Communications Jammed . | . . . . . . . . Distress Signals . | . . . . . . . . Times Spotted 95 | . 13 6 . 14 11 33 18 Peak Tracking Total 5 | . 2 4 . 3 4 5 5 Tactical Retreats 6 | . 5 . . 1 . . . Traps | -11 -10 -10 -10 -9 -8 -8 -8 ------- Run | Yrd Mat Min Exi Min Mat Gar Mat Traps Triggered 5 | . . . . . . 5 . Indirectly . | . . . . . . . . Trap Hack Attempts . | . . . . . . . . Triggered . | . . . . . . . . Disarmed . | . . . . . . . . Reprogrammed . | . . . . . . . . Reused . | . . . . . . . . Traps Extracted . | . . . . . . . . Installed . | . . . . . . . . Triggered . | . . . . . . . . Machines | -11 -10 -10 -10 -9 -8 -8 -8 ---------- Run | Yrd Mat Min Exi Min Mat Gar Mat Machines Disabled 15 | . 1 . . . 1 10 3 Max in Single Turn 3 | . 1 . . . 1 3 1 Garrison Access 1 | . . . . . . . 1 Garrison Relay 6 | . . . . . . 6 . Machines Repaired . | . . . . . . . . Machines Dismantled . | . . . . . . . . Machines Sabotaged . | . . . . . . . . Overloaded Fab Kills . | . . . . . . . . Hacking | -11 -10 -10 -10 -9 -8 -8 -8 --------- Run | Yrd Mat Min Exi Min Mat Gar Mat Machines Accessed 19 | . 9 . 2 . 2 4 2 Terminals 14 | . 7 . . . 1 4 2 Fabricators . | . . . . . . . . Repair Stations . | . . . . . . . . Recycling Units 2 | . 2 . . . . . . Scanalyzers . | . . . . . . . . Garrison Access 1 | . . . . . 1 . . Total Hacks 48 | . 24 . 2 . 7 7 8 Successful 25 | . 13 . 2 . 4 2 4 Failed 23 | . 11 . . . 3 5 4 Catastrophic 4 | . 3 . . . . . 1 Database Lockouts . | . . . . . . . . Manual 27 | . 17 . 1 . 5 . 4 Terminals 37 | . 17 . . . 5 7 8 Fabricators . | . . . . . . . . Repair Stations . | . . . . . . . . Recycling Units 7 | . 7 . . . . . . Scanalyzers . | . . . . . . . . Garrison Access 2 | . . . . . 2 . . Terminal Hacks 10 | . 3 . 2 . 1 2 2 Record 1 | . . . 1 . . . . Prototype ID Bank 1 | . 1 . . . . . . Open Door 1 | . . . . . . 1 . Locate Traps 1 | . 1 . . . . . . Zone Layout 4 | . 1 . . . 1 . 2 Patrol Navigation 1 | . . . . . . 1 . Proto ID Catalog 1 | . . . 1 . . . . Fabricator Hacks . | . . . . . . . . Repair Station Hacks . | . . . . . . . . Recycling Unit Hacks 3 | . 3 . . . . . . Retrieve Components 3 | . 3 . . . . . . Scanalyzer . | . . . . . . . . Garrison Access Hacks 1 | . . . . . 1 . . Unlock Access 1 | . . . . . 1 . . Unauthorized Hacks 11 | . 7 . . . 2 . 2 Terminals 10 | . 6 . . . 2 . 2 Botnet 3 | . 1 . . . 1 . 1 Skim 7 | . 5 . . . 1 . 1 Fabricators . | . . . . . . . . Repair Stations . | . . . . . . . . Recycling Units 1 | . 1 . . . . . . Tunnel 1 | . 1 . . . . . . Scanalyzers . | . . . . . . . . Garrison Access . | . . . . . . . . Data Cores Recovered . | . . . . . . . . Used . | . . . . . . . . Hacking Detections 12 | . 7 . . . 1 3 1 Full Trace Events 1 | . . . . . . 1 . Feedback Events . | . . . . . . . . Feedback Blocked . | . . . . . . . . Robot Schematics Acquired . | . . . . . . . . Robots Built . | . . . . . . . . Authchips . | . . . . . . . . Time . | . . . . . . . . Total Robot Build Rating . | . . . . . . . . Part Schematics Acquired . | . . . . . . . . Parts Built . | . . . . . . . . Authchips . | . . . . . . . . Time . | . . . . . . . . Total Part Build Rating . | . . . . . . . . Parts Repaired . | . . . . . . . . Time . | . . . . . . . . Parts Recycled . | . . . . . . . . Recycled Matter . | . . . . . . . . Retrieved Matter . | . . . . . . . . Retrieved Components 9 | . 9 . . . . . . Parts Scanalyzed . | . . . . . . . . Part Schematics Acquired . | . . . . . . . . Parts Damaged . | . . . . . . . . Bothacking | -11 -10 -10 -10 -9 -8 -8 -8 ------------ Run | Yrd Mat Min Exi Min Mat Gar Mat Used RIF Installer . | . . . . . . . . Robots Hacked . | . . . . . . . . Non-combat . | . . . . . . . . Combat . | . . . . . . . . Robot Hacks Applied . | . . . . . . . . Relay Couplers Released 27 | . . . . . . 25 2 Machine Destruction 27 | . . . . . . 25 2 Fabnet Peak Effective % . | . . . . . . . . Robots Rewired 3 | . . . . . . 3 . Allies Hacked . | . . . . . . . . Hacks Repelled . | . . . . . . . . Allies | -11 -10 -10 -10 -9 -8 -8 -8 -------- Run | Yrd Mat Min Exi Min Mat Gar Mat Total Allies 7 | . . 2 . . . 5 . Largest Group 4 | . . 2 1 . . 4 . Highest-Rated Group 66 | . . 45 14 . . 66 . Highest-Rated Ally 31 | . . 31 14 . . 31 . Initial Warlord ECA Mod 10 | . . . . . . . 10 Total Orders . | . . . . . . . . Ally Attacks 30 | . . 11 . . . 19 . Total Damage 388 | . . 151 . . . 237 . Kills 5 | . . 2 . . . 3 . Allies Corrupted . | . . . . . . . . Allies Melted . | . . . . . . . . Intel | -11 -10 -10 -10 -9 -8 -8 -8 ------- Run | Yrd Mat Min Exi Min Mat Gar Mat Active Infowar (turns) 1686 | 9 869 . . . 807 1 . Structural 808 | . . . . . 807 1 . Seismic 878 | 9 869 . . . . . . Robot Analysis Total . | . . . . . . . . Derelict Logs Recovered 3 | . . 2 . 1 . . . Drone Launches . | . . . . . . . . Drone Recoveries . | . . . . . . . . Exploration | -11 -10 -10 -10 -9 -8 -8 -8 ------------- Run | Yrd Mat Min Exi Min Mat Gar Mat Turns Passed 7878 | 115 1162 894 457 908 828 3082 432 Spaces Moved 3621 | 56 598 558 327 512 269 1169 132 Core 14 | 13 . 1 . . . . . Treads 962 | 43 168 . . . 253 439 59 Legs 803 | . . . . . . 730 73 Wheels 1842 | . 430 557 327 512 16 . . Hover . | . . . . . . . . Flight . | . . . . . . . . Fastest Speed 50 | 50 135 135 135 130 130 190 160 Average Speed 173 | 134 142 143 135 131 233 218 177 Slowest Speed 1600 | 160 160 1600 135 135 240 312 240 Overloaded Moves . | . . . . . . . . Propulsion Burnouts . | . . . . . . . . Robots Hopped . | . . . . . . . . Potential Cave-ins . | . . . . . . . . Cave-ins Triggered . | . . . . . . . . Exploration Rate (%) 59 | 5 88 99 68 89 21 87 19 Regions Visited 7 Branch Regions 3 Pre-discovered Areas 4 | . 2 1 1 . . . . Known Exits Taken 1 | . . . . . 1 . . Unknown Exits Taken 5 | 1 1 1 1 1 . . . Scrap Searched 2 | . . 1 . 1 . . . Spaces Dug 15 | . . . . . . 15 . Terrain Destroyed 145 | 3 2 4 . 3 22 110 1 Melee . | . . . . . . . . Projectile 9 | . . 4 . 3 1 . 1 AOE 136 | 3 2 . . . 21 110 . Terrain Rammed . | . . . . . . . . Walls Destroyed . | . . . . . . . . Machines Disabled . | . . . . . . . . Actions | -11 -10 -10 -10 -9 -8 -8 -8 --------- Run | Yrd Mat Min Exi Min Mat Gar Mat Total 4733 | 82 822 605 347 660 441 1495 281 Wait 511 | . 107 20 . 105 110 71 98 Move 3615 | 55 597 557 326 511 269 1168 132 Hop . | . . . . . . . . Pick Up 102 | 13 34 2 10 . 13 23 7 Fast Attach 11 | . 1 1 . 1 2 2 4 Attach 38 | 7 3 1 . . 9 15 3 Detach 2 | . . . . . 2 . . Swap 29 | . 9 . 1 . 2 15 2 Drop 70 | . 20 . 10 1 9 19 11 Fire 292 | 7 51 24 . 42 25 119 24 Melee . | . . . . . . . . Ram . | . . . . . . . . Kick . | . . . . . . . . Crush . | . . . . . . . . Escape Stasis 16 | . . . . . . 16 . Rewire 47 | . . . . . . 47 . Trap . | . . . . . . . . Miscellaneous . | . . . . . . . . Route ------- -11/Scrapyard -10/Materials (discovered 5 exits: *Mat x3 / [*Min] / Sub) -10/Mines (discovered 4 exits: *Mat x2 / *Exi / *Sub) -10/Exiles -9/Mines -8/Materials -8/Garrison (discovered 4 exits: *Mat x4) -8/Materials History --------- Turn | Location | Event 6 | -11/Scrapyard | Discovered new exit (range 16) 116 | -11/Scrapyard | Entered Materials 309 | -10/Materials | Build established: Mutant 477 | -10/Materials | Discovered new exit (range 15) 825 | -10/Materials | Discovered new exit (range 12) 937 | -10/Materials | Discovered new exit (range 15) 1011 | -10/Materials | Learned location of 1 exit from Storage 1065 | -10/Materials | Identified exit to Materials 1100 | -10/Materials | Discovered new exit (range 9) 1111 | -10/Materials | Learned location of 2 exits from Subcaves 1188 | -10/Materials | Learned Storage trap positions 1245 | -10/Materials | Identified exit to Subcaves 1278 | -10/Materials | Entered Mines 1322 | -10/Mines | Found a hidden stash of uninstalled traps 1410 | -10/Mines | Discovered exit to Materials (range 13) 1590 | -10/Mines | Discovered exit to Subcaves (range 12) 1807 | -10/Mines | Learned Materials terminal intel 1851 | -10/Mines | Deemed a non-threat by the Exiles lab entrance 1851 | -10/Mines | Discovered new exit (range 5) 2008 | -10/Mines | Discovered exit to Materials (range 16) 2103 | -10/Mines | Learned location of Storage (-8) 2172 | -10/Mines | Entered Exiles 2172 | -10/Exiles | Accompanied by 1 ally 2212 | -10/Exiles | Met 8R-AWN 2234 | -10/Exiles | Met EX-HEX 2307 | -10/Exiles | Met EX-DEC 2330 | -10/Exiles | Learned location of Zion (-7) 2420 | -10/Exiles | Met EX-BIN 2439 | -10/Exiles | Aligned with FarCom system 2441 | -10/Exiles | Given EX-Vault access code 2472 | -10/Exiles | Opened EX-Vault 2483 | -10/Exiles | Found Cloak of Protection 2493 | -10/Exiles | Found Modified TNC 2497 | -10/Exiles | Found Deploy-a-Sentry 2500 | -10/Exiles | Found Deploy-a-Sentry 2503 | -10/Exiles | Found Deploy-a-Sentry 2531 | -10/Exiles | Warned to stay clear of 0b10 Research branches 2614 | -10/Exiles | Discovered new exit (range 14) 2629 | -10/Exiles | Stole three prototypes: Modified TNC, Cloak of Protection, Deploy-a-Sentry 2629 | -10/Exiles | Entered Mines 2719 | -9/Mines | Learned Materials terminal intel 2912 | -9/Mines | Excavation squad dispatched 2912 | -9/Mines | A large section of the Mines collapsed 3162 | -9/Mines | Excavation squad dispatched 3286 | -9/Mines | Core integrity fell below 50% 3412 | -9/Mines | Excavation squad dispatched 3528 | -9/Mines | Discovered new exit (range 5) 3537 | -9/Mines | Entered Materials 3537 | -8/Materials | Evolved 4 slots: Propulsion x1, Utility x2, Weapon x1 3538 | -8/Materials | Loaded intel: 12 terminal locations 4340 | -8/Materials | Build established: Skirmisher 4365 | -8/Materials | Identified exit to Garrison 4365 | -8/Materials | Entered Garrison 4453 | -8/Garrison | Triggered checkpoint 4521 | -8/Garrison | Garrison Relay disabled 4765 | -8/Garrison | Triggered checkpoint 4934 | -8/Garrison | Discovered new exit (range 13) 4996 | -8/Garrison | Lost 4 parts (2n1u1w) 5167 | -8/Garrison | Triggered checkpoint 5213 | -8/Garrison | Triggered checkpoint 5260 | -8/Garrison | Lost 3 parts (1n1u1w) 5260 | -8/Garrison | Garrison Relay disabled 5398 | -8/Garrison | Discovered new exit (range 9) 5541 | -8/Garrison | Triggered checkpoint 5579 | -8/Garrison | Discovered new exit (range 5) 5805 | -8/Garrison | Rescued a captive Derelict 5806 | -8/Garrison | Rescued a captive Derelict 5851 | -8/Garrison | Lost 4 allies 6010 | -8/Garrison | Discovered new exit (range 9) 6123 | -8/Garrison | Build established: Scavenger-Skirmisher 6191 | -8/Garrison | Garrison Relay disabled 6628 | -8/Garrison | Garrison Relay disabled 6699 | -8/Garrison | Garrison Relay disabled 6845 | -8/Garrison | Triggered checkpoint 7283 | -8/Garrison | Garrison Relay disabled 7407 | -8/Garrison | Triggered checkpoint 7447 | -8/Garrison | Entered Materials 7448 | -8/Materials | Loaded intel: 12 terminal locations 7621 | -8/Materials | Met 7R-MNS 7676 | -8/Materials | Garrison activated, responded to threat 7680 | -8/Materials | Core integrity fell below 50% 7847 | -8/Materials | First assault squad dispatched 7879 | -8/Materials | Self-destructed Last Messages --------------- 07824_ K-01 Serf collects debris. 07847_ ALERT: Unidentified disturbance in Zone 4U, assault force dispatched. 07847_ K-01 Serf collects debris. 07856_ Acquired data core, dynamic key expired. 07858_ Acquired 17 matter. 07866_ C-30 ARC bursts open, deploying its payload. 07866_ B-36 Bruiser unfolds itself. 07866_ G-47 Trooper unfolds itself. 07866_ M-28 Smith unfolds itself. 07868_ K-01 Serf collects debris. 07871_ G-47 Trooper destroyed. 07874_ K-01 Serf collects debris. 07876_ G-47 Trooper emerges from the garrison. 07876_ ALERT: Garrison Access compromised, dispatching multiple assault carriers. 07876_ Garrison Access disabled. 07876_ Relay Coupler [NC] tumbles out of Garrison Access. 07876_ Relay Coupler [Sentry] tumbles out of Garrison Access. 07877_ K-01 Serf collects debris. Map ----- +----------------------------------------------------+ | ????????????????????????????????????????? | | ????????????????????????????????????????? | | ????????????????????????????????????????? | | ????????????????????????????????????????? | | ????????????????????????????????????????? | | ????????????????????????????????????????? | | "???????????????????????????????????????? | | T???????????????????????????????????????? | | "???????????????????????????????????????? | | ???????????????????????? ?????????????? | | ???????????????????????? ?????????????? | | ???????????????????????? ?????????????? | | ??????????????????????## ?????????????? | | ?????????????????????? ?????????????? | | ?????????????????????? ?????????????? | | ?????????????????????? ?????????????? | | ??????????????????????? k?????????????? | | ??????????????????????? ???????""????? | | ??????????????????????? ???????"T????? | | ?????????????????####### ?b?????""????? | | ???????????????? ##*%##????????????? | | ???????????????? ##gm;?????????????? | | ?????#########? ## k;?????????????? | | ?????# #? ## g#????""???????? | | ?????# # ## #????T"???????? | | ?????# [= # ## @#????""???????? | | ?????#[!= + ## #?????????????? | | ?????#! =! # ## #?????????????? | | ?????#!!!![= # ## #?????????????? | | ??########%[ ########### ##????????????? | | ### *= *= ! /[= #????????????? | | *%%= [ #????????????? | | ### ^^ %%[% ^ #????????????? | | ??# [[ = #????????????? | | ??# """ ^ [ %%" !g #????????????? | | ??# ""% %%" " #????????????? | | ### ""% %"" "G" #????????????? | | % = """ #????????????? | | %= +????????????? | | ! = ! #????????????? | | ### #################+##+#????????????? | | ??# #?????????????????????????????????? | | ??# #?????????????????????????????????? | | #?# #?????????????????????????????????? | | ?# #?????????????????????????????????? | | # #??????????# #????????????? | | # #??????????# """ """ #????????????? | | +^ #??????????# """ """ #????????????? | | # ############ """ """ #????????????? | | # # [ ############????????????? | +----------------------------------------------------+ Best States ------------- Heat Dissipation 59 Energy Generation 14 Energy Capacity 280 Matter Stores 300 Matter Capacity 300 Sight Range 16 Terrain Scan Density 10 Armor Coverage 150 Weapon Shielding 66 Evasion (%) 50 Targeting Accuracy 8 Recoil Reduction 3 Item Schematics ----------------- None Robot Schematics ------------------ None Fabricated ------------ Nothing Repaired ---------- Nothing Alien Tech Used ----------------- None Achievements -------------- None Challenges ------------ None Game ------ Seed ReinforcedVortexRipteeth Manual? 0 Play Time 00:39:55 Cumulative 327.8 hours Start 2025.09.25 @ 23:28:24 End 2025.09.26 @ 04:11:31 Sessions 2 Manual Loads 0 Difficulty Rogue Special Mode None Game No. 442 Rogue 442 Adventurer 0 Explorer 0 Win Type - Total 11 Types 6/0/1/2/1/0/1/0/0/0 Lore% 86 Gallery% 82 Achievement% 67 Wizard Run 0 Options --------- Layout 0 ASCII 0 Keyboard 0 Movement Mouse Keybinds 0 Fullscreen 1 Font 24/Tamsyn Map View 76x50 Zoom Use 0% Tactical HUD 1 Map Filters NONE Filters NONE Steam 1 RUN: 756c22b3-724e-4364-9e3d-8d734524f812